 Dungeon Crawl Stone Soup version bcrawl-1.39.1 (console) character file.

Game seed: 13568782926513462830

291230 Lexodia the Destroyer (level 9, -4/52 HPs)
             Began as an Avariel Air Elementalist on July 31, 2023.
             Was a Follower of Vehumet.
             Slain by a harpy skeleton (10 damage)
             ... on level 7 of the Dungeon.
             The game lasted 00:32:11 (6716 turns).

Lexodia the Destroyer (Avariel Air Elementalist)    Turns: 6716, Time: 00:32:12

Health: -4/52      AC:  5    Str:  6    XL:     9   Next: 92%
Magic:  0/20       EV: 17    Int: 25    God:    Vehumet [*.....]
Gold:   175        SH:  0    Dex: 13    Spells: 7/20 levels left

rFire    + . .     GDR:     25% a - -1 quarterstaff (curse)
rCold    + . .     SeeInvis .   (shield currently unavailable)
rNeg     . . .     Gourm    .   b - +0 robe {rF+}
rPois    .         Faith    .   C - +1 helmet
rElec    .         Spirit   .   (no cloak)
rCorr    .         Reflect  .   F - +0 pair of gloves
MR       .....                  (no boots)
Stlth    ++........             (no amulet)
HPRegen  0.18/turn              q - ring of protection from cold
MPRegen  0.17/turn              (no ring)

@: flying quickly and evasively, quick
A: able to fly
a: Stop Flying, Renounce Religion


You were on level 7 of the Dungeon.
You worshipped Vehumet.
Vehumet was aware of your devotion.
You were very hungry.

You visited 1 branch of the dungeon, and saw 7 of its levels.
You also visited: Sewer.

You collected 347 gold pieces.
You spent 172 gold pieces at shops.

Inventory:

Hand Weapons
 a - a cursed -1 quarterstaff (weapon)
 h - a +0 dagger
 k - a -1 dagger
 v - a cursed -2 war axe
Armour
 b - a +0 robe of fire resistance (worn)
 C - a +1 helmet (worn)
 F - a +0 pair of gloves (worn)
 J - a +0 medium shield
Jewellery
 l - an uncursed ring of teleportation
 q - a ring of protection from cold (left hand)
Wands
 y - a wand of flame (3)
 D - a wand of clouds (7)
 H - a wand of acid (6)
 I - a wand of charming (13)
Scrolls
 i - 2 scrolls of identify
 j - 2 scrolls of immolation
 m - 2 scrolls of enchant weapon
 t - 4 scrolls of teleportation
 w - a scroll of blinking {unknown}
 x - a scroll of fog {unknown}
 z - a scroll of enchant armour {unknown}
 E - 2 scrolls of fear
 G - 3 scrolls of remove curse
Potions
 c - a potion of flight
 d - 2 potions of resistance
 f - a potion of might {unknown}
 g - a potion of berserk rage
 o - a potion of cancellation {unknown}
 p - 2 potions of lignification {unknown}
 r - a potion of haste {unknown}
 s - 2 potions of degeneration {unknown}
 u - 2 potions of curing
 B - a potion of brilliance
Comestibles
 e - 9 rations {!d}


   Skills:
 + Level 4.2 Fighting
 - Level 5.0 Dodging
 - Level 4.0 Stealth
 + Level 6.0 Spellcasting
 + Level 9.0 Conjurations
 - Level 2.0 Charms
 + Level 9.0 Air Magic
 - Level 2.0 Poison Magic
 + Level 4.9 Evocations


You had 7 spell levels left.
You knew the following spells:

 Your Spells              Type           Power        Failure   Level  Hunger
a - Shock                 Conj/Air       ######.      1%          2    None
b - Static Discharge      Air            ######       1%          1    None
c - Swiftness             Chrm/Air       #####...     1%          2    None
d - Mephitic Cloud        Conj/Pois/Air  #####...     1%          3    ##.....
e - Lightning Bolt        Conj/Air       ######..     1%          4    ####...
f - Magic Dart            Conj           ####         1%          1    None

Your spell library contained the following spells:

 Spells                   Type           Power        Failure   Level  Hunger


Dungeon Overview and Level Annotations

Branches:
Dungeon (7/12)             Temple (0/1) D:5            Lair (0/6) D:7

Altars:
Ashenzari
Dithmenos
Elyvilon
Gozag
Nemelex Xobeh
Ru
Trog
Vehumet
The Shining One

Shops:
D:5 !


Innate Abilities, Weirdness & Mutations

You can fly continuously.


Message History

The harpy skeleton closely misses you. The harpy skeleton barely misses you.
The harpy skeleton closely misses you.
You barely miss the harpy skeleton.
The harpy skeleton is almost destroyed.
The harpy skeleton closely misses you. The harpy skeleton claws you.
* * * LOW HITPOINT WARNING * * *
The harpy skeleton barely misses you.
The harpy skeleton claws you but does no damage.
The harpy skeleton misses you. The harpy skeleton closely misses you.
You are flying quickly and evasively.
Your flying speed is quick.
Your attack speed is quite slow.
Unknown command.
Casting: Shock (safe; 1% risk of failure)
Confirm with . or Enter, or press ? or * to list all spells.
You don't have enough magic to cast that spell.
Casting: Shock (safe; 1% risk of failure)
Confirm with . or Enter, or press ? or * to list all spells.
The air crackles with electrical energy.
The harpy skeleton claws you!
You die...

*,*#....#*******,,,,,*,,
*,*###..##### *****,,,,
#.####......# *,*,,
#...........# *,,,,
######..###(#* ***,≈≈≈
#.## **.#****,,,≈≈* #.#
*,..,,,,,,≈≈* #Z##
**,*#****,,≈≈+ ##@#**,**
*,,≈≈+ ##...#* *,,≈≈+
*#### *,,≈≈* **,≈≈*
*,≈≈≈ *,,,, ***** **


You could see a harpy skeleton.

Vanquished Creatures
  A two-headed ogre (D:6)
  A troll (D:6)
  A harpy skeleton (D:7)
  A hippogriff (D:7)
  Sigmund (D:5)
  A hungry ghost (D:6)
  A crocodile (Sewer)
  3 sky beasts
  4 ogres
  A necrophage (D:6)
  2 centaurs (D:5)
  A scorpion (D:5)
  A wight (D:6)
  A killer bee (D:6)
  3 crimson imps (D:5)
  2 hounds
  A bullfrog skeleton (D:5)
  2 iguanas
  5 worker ants
  3 adders
  6 gnolls
  2 shadow imps (D:5)
  An ooze (D:3)
  An adder skeleton (D:3)
  2 worms
  2 dart slugs
  6 leopard geckos
  2 orcs
  2 ball pythons
  8 bats
  4 giant cockroaches
  7 hobgoblins
  9 jackals
  10 kobolds
  3 quokkas
  4 frilled lizards
  4 goblins (D:1)
  A quokka zombie (D:5)
  9 rats
119 creatures vanquished.

Vanquished Creatures (others)
  2 withered plants (D:7)
2 creatures vanquished.

Grand Total: 121 creatures vanquished

Notes
Turn   | Place    | Note
-------+----------+-------------------------------------------
     0 | D:1      | Lexodia the Avariel Air Elementalist began the quest for
                  | the Orb.
     0 | D:1      | Reached XP level 1. HP: 10/10 MP: 6/6
    53 | D:1      | Reached XP level 2. HP: 4/15 MP: 1/8
   208 | D:1      | Learned a level 2 spell: Shock
   582 | D:1      | Reached XP level 3. HP: 16/19 MP: 9/9
  1522 | D:2      | Reached skill level 5 in Air Magic
  1601 | D:2      | Reached XP level 4. HP: 24/24 MP: 6/11
  1983 | D:2      | Found a glowing golden altar of the Shining One.
  2594 | D:3      | Found a shattered altar of Ashenzari.
  2688 | D:3      | Noticed an ogre
  2746 | D:3      | Killed an ogre
  2747 | D:3      | Reached skill level 5 in Conjurations
  2747 | D:3      | Reached XP level 5. HP: 28/28 MP: 0/13
  2764 | D:3      | Learned a level 2 spell: Swiftness
  2768 | D:3      | Learned a level 3 spell: Mephitic Cloud
  2773 | D:3      | Learned a level 4 spell: Lightning Bolt
  3288 | D:4      | Noticed an ogre
  3294 | D:4      | Killed an ogre
  3295 | D:4      | Reached XP level 6. HP: 32/32 MP: 1/14
  3339 | D:4      | Found a shadowy altar of Dithmenos.
  3452 | D:4      | Reached skill level 1 in Poison Magic
  3674 | D:4      | Found a sparkling altar of Nemelex Xobeh.
  3674 | D:4      | Found a radiant altar of Vehumet.
  3674 | D:4      | Found an opulent altar of Gozag.
  3674 | D:4      | Found a white marble altar of Elyvilon.
  3679 | D:4      | Became a worshipper of Vehumet
  3749 | D:4      | Reached XP level 7. HP: 36/36 MP: 10/15
  4101 | D:5      | Entered Level 5 of the Dungeon
  4101 | D:5      | Found Jecij's Distillery.
  4101 | D:5      | Noticed Sigmund
  4224 | D:5      | Found a glowing drain.
  4284 | Sewer    | Entered a sewer
  4487 | D:5      | Reached XP level 8. HP: 36/41 MP: 8/16
  4488 | D:5      | Reached * piety under Vehumet
  4488 | D:5      | Offered knowledge of Magic Dart by Vehumet.
  4491 | D:5      | Learned a level 1 spell: Magic Dart
  4784 | D:5      | Killed Sigmund
  4847 | D:5      | Bought a potion of curing for 37 gold pieces
  4847 | D:5      | Bought a potion of heal wounds for 75 gold pieces
  4847 | D:5      | Bought a potion of brilliance for 60 gold pieces
  5057 | D:5      | Found a staircase to the Ecumenical Temple.
  5088 | D:5      | Reached skill level 1 in Evocations
  5367 | D:6      | Reached skill level 1 in Fighting
  5563 | D:6      | Gained mutation: You can fly continuously. [Avariel growth]
  5563 | D:6      | Reached XP level 9. HP: 48/48 MP: 8/18
  5731 | D:6      | Found a bloodstained altar of Trog.
  5840 | D:6      | Found a sacrificial altar of Ru.
  6033 | D:6      | Reached skill level 5 in Spellcasting
  6062 | D:6      | Noticed a two-headed ogre
  6073 | D:6      | Killed a two-headed ogre
  6323 | D:6      | Noticed a troll
  6333 | D:6      | Killed a troll
  6577 | D:7      | Reached skill level 5 in Dodging
  6716 | D:7      | Slain by a harpy skeleton

Skill      XL: |  1  2  3  4  5  6  7  8  9 |
---------------+----------------------------+-----
Spellcasting   | 3 4 6 |  6.0
Conjurations   | 2 5 6 8 9 |  9.0
Air Magic      | 5 6 7 9 |  9.0
Poison Magic   | 1 2 |  2.0
Charms         | 2 |  2.0
Evocations     | 2 4 |  4.9
Fighting       | 1 4 |  4.2
Dodging        | 3 5 |  5.0
Stealth        | 3 4 |  4.0

Action                   |  1- 3 |  4- 6 |  7- 9 || total
-------------------------+-------+-------+-------++-------
Melee: Unarmed           |    17 |       |       ||    17
       Dagger            |    44 |    74 |       ||   118
       Quarterstaff      |       |     1 |    14 ||    15
 Cast: Static Discharge  |    14 |    15 |     9 ||    38
       Shock             |    23 |    48 |    81 ||   152
       Lightning Bolt    |       |     1 |    12 ||    13
       Mephitic Cloud    |       |     1 |     4 ||     5
       Magic Dart        |       |       |    26 ||    26
Evoke: Wand              |       |       |    10 ||    10
  Use: Scroll            |     2 |     5 |     1 ||     8
       Potion            |       |       |     3 ||     3
 Stab: Sleeping          |     2 |       |     1 ||     3
  Eat: Chunk             |     5 |     8 |    16 ||    29
Armor: Robe              |    13 |    11 |    23 ||    47
Dodge: Dodged            |    57 |    44 |    86 ||   187
